 Dungeon Crawl Stone Soup version 0.24-a0-443-g80245de385 (webtiles) character file.

Game seed: 1481311448073581963

89 Peloso the Covered (level 4, 0/40 HPs)
             Began as a Minotaur Fighter on June 21, 2019.
             Slain by an orc wizard
             ... wielding a +0 dagger
              (2 damage)
             ... on level 3 of the Dungeon.
             The game lasted 00:03:20 (1390 turns).

Peloso the Covered (Minotaur Fighter)               Turns: 1390, Time: 00:03:20

Health: 0/40       AC:  7    Str: 21    XL:     4   Next: 31%
Magic:  3/3        EV:  8    Int:  5    God:
Gold:   125        SH:  9    Dex: 10    Spells: 3/3 levels left

rFire    . . .     SeeInvis .   a - +0 long sword
rCold    . . .     Gourm    .   c - +0 shield
rNeg     . . .     Faith    .   b - +0 scale mail
rPois    .         Spirit   .   (helmet restricted)
rElec    .         Reflect  .   (no cloak)
rCorr    .         Harm     .   (no gloves)
MR       .....                  (no boots)
Stlth    ..........             (no amulet)
HPRegen  0.13/turn              (no ring)
MPRegen  0.08/turn              (no ring)

@: no status effects
A: retaliatory headbutt, horns 2
a: no special abilities


You were on level 3 of the Dungeon.
You were not hungry.

You visited 1 branch of the dungeon, and saw 3 of its levels.

You collected 125 gold pieces.

Inventory:

Hand Weapons
 a - a +0 long sword (weapon)
Armour
 b - a +0 scale mail (worn)
 c - a +0 shield (worn)
Scrolls
 g - 2 scrolls of remove curse {unknown}
 h - 2 scrolls of identify {unknown}
 j - 2 scrolls of teleportation {unknown}
 l - a scroll of enchant armour {unknown}
 m - a scroll of fog {unknown}
 p - a scroll of enchant weapon {unknown}
Potions
 d - 2 potions of might
 e - a potion of ambrosia {unknown}
 i - a potion of berserk rage {unknown}
 k - 2 potions of resistance {unknown}
 n - a potion of flight {unknown}
 o - a potion of degeneration {unknown}
 q - 2 potions of curing {unknown}
 r - a potion of brilliance {unknown}
Comestibles
 f - 4 rations


   Skills:
 + Level 4.1 Fighting
 + Level 3.0 Long Blades
 + Level 4.7 Armour
 + Level 1.1 Dodging
 + Level 4.4 Shields


You had 3 spell levels left.
You didn't know any spells.
Your spell library was empty.

Dungeon Overview and Level Annotations

Branches:
Dungeon (3/15)

Altars:
Uskayaw


Innate Abilities, Weirdness & Mutations

You reflexively headbutt those who attack you in melee.
You have a pair of horns on your head.


Message History

Your shield and scale mail prevent you from hitting the orc wizard.
The orc wizard is lightly wounded.
The orc wizard points at you and mumbles some strange words.
The magic dart hits you but does no damage.
A bat comes into view.
The orc wizard hits you but does no damage.
You closely miss the orc wizard. Your headbutt misses the orc wizard.
The orc wizard is lightly wounded.
The orc wizard gestures at you while chanting.
The magic dart hits you.
* * * LOW HITPOINT WARNING * * *
The orc wizard points at you and mumbles some strange words.
The puff of flame hits you!
* * * LOW HITPOINT WARNING * * *
You hit the orc wizard but do no damage.
The orc wizard is lightly wounded.
The bat hits you but does no damage.
The orc wizard hits you but does no damage.
The orc wizard hits you with a +0 dagger.
You die...

###########
#.........##
###..........#
.......o.....#
......b@.....#
....##......## .
#.################
#..))............#
################.#
#.# #.# ######.#
_.♣. #......#


You could see an orc wizard and a bat.

Vanquished Creatures
  3 adders
  4 dart slugs
  3 leopard geckos (D:1)
  3 orcs (D:3)
  A giant cockroach (D:1)
  6 goblins
  4 hobgoblins
  A quokka (D:2)
  A ball python (D:1)
  4 bats
  6 frilled lizards
  9 kobolds
  4 rats
49 creatures vanquished.

Notes
Turn   | Place    | Note
-------+----------+-------------------------------------------
     0 | D:1      | Peloso the Minotaur Fighter began the quest for the Orb.
     0 | D:1      | Reached XP level 1. HP: 19/19 MP: 0/0
   175 | D:1      | You fall into a shaft and drop 1 floor!
   176 | D:2      | Reached XP level 2. HP: 27/27 MP: 1/1
   346 | D:2      | Reached XP level 3. HP: 21/33 MP: 2/2
   516 | D:2      | Found a hide-covered altar of Uskayaw.
   889 | D:1      | Reached XP level 4. HP: 40/40 MP: 3/3
  1291 | D:3      | Found a faded altar of an unknown god.
  1339 | D:3      | Reached skill level 1 in Dodging
  1389 | D:3      | HP: 2/40 [orc wizard/puff of flame (9)]
  1390 | D:3      | Slain by an orc wizard

Levels and vault maps discovered:
D:1:      elethiomel_arrival_maze, layout_basic, minmay_indecisive_spiral
D:2:      layout_rooms, lemuel_crystal_altar, serial_bayou_pond_d
D:3:      layout_basic, gammafunk_temple_overflow_claw,
          chequers_ecumenical_altar_simple_redux, minivault_19

Skill      XL: |  1  2  3  4 |
---------------+-------------+-----
Armour         | 4 |  4.7
Shields        | 4 |  4.4
Fighting       | 4 |  4.1
Long Blades    | 3 |  3.0
Dodging        | 1 |  1.1

Action                   |  1- 3 |  4- 6 || total
-------------------------+-------+-------++-------
Melee: Long sword        |    94 |    43 ||   137
       Headbutt          |    19 |     2 ||    21
  Eat: Chunk             |       |     2 ||     2
Armor: Scale mail        |    43 |    22 ||    65
Dodge: Dodged            |    23 |     9 ||    32
Block: Shield            |    68 |    20 ||    88
       Rpst.: Long sword |     6 |     1 ||     7

Table legend:
 A = Non-vault XP
 B = Vault XP
 C = Vault XP percentage of total XP
 D = Non-vault monster count
 E = Vault monster count
 F = Vault count percentage of total count
                 A         B        C        D         E       F
            +---------+---------+-------+---------+---------+-------
      Total |     118 |      10 |   7.8 |      45 |       4 |   8.2
            +---------+---------+-------+---------+---------+-------
        D:1 |      44 |      10 |  18.5 |      23 |       4 |  14.8
        D:2 |      48 |       0 |   0.0 |      16 |       0 |   0.0
        D:3 |      26 |       0 |   0.0 |       6 |       0 |   0.0
            +---------+---------+-------+---------+---------+-------
